cohdb
Replays
Latest Replays
All Replays
Popular Replays
Top Player Replays
Match Explorer
How It Works
Community
CoH3 Stats
Reddit
Sign in to upload your games and track your stats! →
Sign in with Steam
Match 39745112
Unlisted
Match 39745112
Overview
Messages
Build Orders
End
Construct Section Command Post
Vickers Machine Gun Team
Infantry Section
Selects Indian Artillery Battlegroup
Royal Engineer Section
ML 3-inch Mortar Team
Selects Towed ML 4.2-inch Heavy Mortar
Construct Platoon Command Post
Towed ML 4.2-inch Heavy Mortar
Grenade Package
6-pounder Anti-tank Gun Team
Selects Off-map Airburst Barrage
Selects Off-map Airburst Barrage
Selects Valour
Construct Company Command Post
Selects Gurkha Rifles Section
Gurkha Rifles Section
Selects Off-map Airburst Barrage
Libanese_de_Roma
BIOHAZARD
Sauzer88
Gorgolo
=BIA=Daghito
Decapsy
=BIA=Obersky
Giovanni
0
0
Comments
sign in to comment!
No comments posted yet!